 Dungeon Crawl Stone Soup version 0.29.0 (webtiles) character file.

Game seed: 16767313753667922800

3004 Dorkslayer the Cleaver (level 9, 0/79 HPs)
             Began as a Hill Orc Fighter on Sept 17, 2022.
             Was an Initiate of Gozag.
             Slain by an orc knight
             ... wielding a +0 war axe
              (4 damage)
             ... in a bailey.
             The game lasted 00:19:14 (6271 turns).

Dorkslayer the Cleaver (Hill Orc Fighter)           Turns: 6271, Time: 00:19:15

Health: 0/79       AC: 15    Str: 21    XL:     9   Next: 84%
Magic:  9/9        EV:  7    Int: 14    God:    Gozag
Gold:   723        SH:  5    Dex: 12    Spells: 8/8 levels left

rFire   . . .      SeeInvis .   g - +0 broad axe (drain)
rCold   . . .      Faith    .   c - +0 buckler
rNeg    . . .      Spirit   .   n - +0 plate armour
rPois   .          Reflect  .   (no helmet)
rElec   .          Harm     .   (no cloak)
rCorr   .          Rampage  .   s - +1 pair of gloves
Will    .....                   (no boots)
Stlth   ..........              (no amulet)
HPRegen 0.23/turn               p - +6 ring of intelligence
MPRegen 0.11/turn               (no ring)

@: gold aura
A: no striking features
a: Renounce Religion, Potion Petition, Call Merchant, Bribe Branch


You were in a bailey.
You worshipped Gozag.
Gozag was pleased with you.
You visited 2 branches of the dungeon, and saw 8 of its levels.
You also visited: Bailey.

You collected 852 gold pieces.
You paid 129 gold pieces to Gozag.

Inventory:

Hand Weapons
 a - a +0 war axe
 g - a +0 broad axe of draining (weapon)
 t - a +0 war axe
Missiles
 i - 11 boomerangs
 m - 6 curare-tipped darts (quivered)
 q - 2 javelins
Armour
 c - a +0 buckler (worn)
 n - a +0 plate armour (worn)
 s - a +1 pair of gloves (worn)
Jewellery
 p - a +6 ring of intelligence (left hand)
Scrolls
 e - 6 scrolls of teleportation
 h - 3 scrolls of amnesia
 l - a scroll of blinking
 o - a scroll of enchant armour
Potions
 b - 3 potions of magic
 f - 2 potions of flight
 j - a potion of cancellation {unknown}
 r - a potion of invisibility {unknown}


   Skills:
 * Level 7.5 Fighting
 + Level 9.5 Axes
 + Level 1.7 Throwing
 + Level 7.2 Armour
 * Level 4.1 Dodging
 + Level 1.2 Stealth
 + Level 4.1 Shields
 * Level 4.7 Evocations


You had 8 spell levels left.
You didn't know any spells.
Your spell library contained the following spells:

 Spells                   Type           Power      Damage    Failure   Level
 Apportation              Tloc           0%         N/A       100%        1
 Necrotise                Necr           0%         1d4       100%        1
 Summon Small Mammal      Summ           0%         N/A       100%        1
 Ensorcelled Hibernation  Hex/Ice        0%         N/A       100%        2
 Passwall                 Tmut/Erth      0%         N/A       100%        2
 Confusing Touch          Hex            0%         N/A       100%        3
 Swiftness                Air            0%         N/A       100%        3
 Yara's Violent Unravell  Hex/Tmut       0%         3d3       100%        5
 Enfeeble                 Hex            0%         N/A       100%        7


Dungeon Overview and Level Annotations

Branches:
Dungeon (7/15)             Temple (1/1) D:5          Bailey (1/1)

Altars:
Ashenzari
Cheibriados
Elyvilon
Gozag
Kikubaaqudgha
Makhleb
Qazlal
Sif Muna
Trog
Vehumet
Xom
Yredelemnul
The Shining One


Message History

The orc knight convulses.
The orc knight seems to be slow for longer.
The orc knight is moderately wounded.
You feel sick.
You are no longer poisoned.
Unknown command.
Throw: 7 darts (curare)
Press: ? - help, Q - select action, (/) - cycle Shift-Dir - straight line, f/p - orc knight
Aim: an orc knight, wielding a +0 war axe and wearing a +0 plate armour (moderately wounded, extremely poisoned, slow, 60% to hit)
You throw a curare-tipped dart.
The curare-tipped dart barely misses the orc knight.
The curare-tipped dart hits the kobold brigand.
The kobold brigand is poisoned.
The kobold brigand convulses.
The kobold brigand seems to slow down.
The kobold brigand is moderately wounded.
The orc warrior throws a datura-tipped dart.
You block the datura-tipped dart.
You hit the orc knight. You drain the orc knight.
The orc knight is heavily wounded.
You closely miss the orc knight.
The orc knight is heavily wounded.
The orc knight hits you with a +0 war axe!
* * * LOW HITPOINT WARNING * * *
You slash the orc knight!
The orc knight is severely wounded.
The orc knight hits you with a +0 war axe!
* * * LOW HITPOINT WARNING * * *
Unknown command.
You feel better.
You slash the orc knight! You drain the orc knight.
The orc knight is almost dead.
You hit the orc warrior but do no damage.
You drain the orc warrior. You block the orc warrior's attack.
The orc knight hits you but does no damage.
You feel better.
The orc warrior hits you with a +0 broad axe!
* * * LOW HITPOINT WARNING * * *
The orc knight hits you with a +0 war axe.
You die...
Your body crumbles into a pile of gold.

#....~~....(..~~....#
#####~~.......~~#####
##~.......~##
####...#### #.((#
#..(# #[)K# ##'oo##
##..∩@.## #.......#
#...∩...# ##.....##
#######


You could see an orc knight (very poisoned, slow, drained), an orc warrior
(strong, poisoned, slow, drained) and a kobold brigand (poisoned, slow).

Vanquished Creatures
  An orc knight (Bailey)
  Duvessa (D:4)
  3 orc warriors
  3 black bears
  2 ice beasts (D:5)
  4 ogres
  2 centaurs (D:5)
  A phantom (D:5)
  5 kobold brigands (Bailey)
  A necrophage (D:6)
  2 scorpions (D:5)
  Dowan (D:4)
  3 orc priests (D:6)
  A jelly (D:5)
  Jessica (D:2)
  6 iguanas
  6 orc wizards
  7 adders
  2 worms
  2 dart slugs
  35 orcs
  5 endoplasms
  5 giant cockroaches
  6 goblins
  6 hobgoblins
  4 jackals (D:4)
  11 kobolds
  A quokka (D:3)
  5 ball pythons
  3 bats
  2 frilled lizards
  3 rats
140 creatures vanquished.

Vanquished Creatures (others)
  7 fungi (D:5)
  3 toadstools (D:5)
10 creatures vanquished.

Grand Total: 150 creatures vanquished

Notes
Turn   | Place    | Note
-------+----------+-------------------------------------------
     0 | D:1      | Dorkslayer the Hill Orc Fighter began the quest for the
                  | Orb.
     0 | D:1      | Reached XP level 1. HP: 19/19 MP: 1/1
   250 | D:1      | Reached XP level 2. HP: 27/27 MP: 2/2
   754 | D:2      | Reached skill level 3 in Axes
   813 | D:2      | Noticed Jessica
   821 | D:2      | Reached XP level 3. HP: 24/33 MP: 3/3
   831 | D:2      | Killed Jessica
  1079 | D:2      | Found a shimmering altar of Xom.
  1109 | D:2      | Reached XP level 4. HP: 40/40 MP: 4/4
  1132 | D:2      | Reached skill level 1 in Dodging
  1444 | D:3      | Found a faded altar of an unknown god.
  1676 | D:3      | Found a burning altar of Makhleb.
  1972 | D:3      | Reached skill level 4 in Axes
  2293 | D:4      | Reached XP level 5. HP: 41/47 MP: 5/5
  2380 | D:4      | Noticed Dowan
  2381 | D:4      | Noticed Duvessa
  2386 | D:4      | Noticed an ogre
  2417 | D:4      | Killed Duvessa
  2418 | D:4      | Reached skill level 1 in Evocations
  2418 | D:4      | Reached XP level 6. HP: 13/53 MP: 6/6
  2423 | D:4      | Killed Dowan
  2424 | D:4      | Reached skill level 5 in Fighting
  2424 | D:4      | Reached skill level 5 in Axes
  2424 | D:4      | Reached skill level 5 in Armour
  2424 | D:4      | Reached XP level 7. HP: 16/61 MP: 7/7
  3282 | D:4      | Reached skill level 6 in Axes
  3617 | D:5      | Entered Level 5 of the Dungeon
  3619 | D:5      | Found a staircase to the Ecumenical Temple.
  3631 | Temple   | Entered the Ecumenical Temple
  3711 | Temple   | Became a worshipper of Gozag Ym Sagoz the Greedy
  4002 | D:5      | Found a basalt altar of Yredelemnul.
  4011 | D:5      | Reached XP level 8. HP: 61/69 MP: 8/8
  4155 | D:5      | Reached skill level 7 in Axes
  4214 | D:5      | Found a radiant altar of Vehumet.
  4264 | D:5      | Found a snail-covered altar of Cheibriados.
  4656 | D:5      | Reached skill level 1 in Throwing
  4661 | D:5      | Reached skill level 8 in Axes
  4738 | D:5      | Reached XP level 9. HP: 64/78 MP: 9/9
  5515 | D:6      | Found a glowing golden altar of the Shining One.
  5664 | D:7      | Found a flagged portal.
  5671 | Bailey   | Entered a bailey
  6057 | Bailey   | Noticed an orc knight
  6083 | Bailey   | Reached skill level 9 in Axes
  6092 | Bailey   | Killed an orc knight
  6093 | Bailey   | Reached skill level 1 in Stealth
  6135 | Bailey   | Noticed an orc knight
  6136 | Bailey   | Noticed an orc knight
  6143 | Bailey   | HP: 3/79 [kobold brigand/+0 war axe (10)]
  6268 | Bailey   | HP: 2/79 [orc knight/+0 war axe (11)]
  6271 | Bailey   | Slain by an orc knight

Illustrated notes

Levels and vault maps discovered:
D:1:      moated_graveyard_arrival, layout_basic, hex_tiny, nicolae_titane
D:2:      layout_rooms, basic_altar, uniq_jessica
D:3:      layout_loops_ring, mainiacjoe_overflow_small_starburst,
          nicolae_ecumenical_pavilion
D:4:      layout_loops_ring, uniq_duvessa
D:5:      layout_rooms, mainiacjoe_overflow_24_doors, temple_green,
          minmay_gold_behind_fungi, hangedman_feature_mirror, minmay_pentangle
D:6:      layout_rooms, mainiacjoe_overflow_brackets
D:7:      layout_cave_pools, nicolae_wu_jian_glorious_leap, enter_bailey_2,
          supply_closet_lemuel
Temple:   mainiacjoe_temple_bowtie_tessellation
Bailey:   bailey_axe_3, bailey

Skill      XL: |  1  2  3  4  5  6  7  8  9 |
---------------+----------------------------+-----
Fighting       | 4 5 6 7 |  7.5
Axes           | 3 4 5 6 8 9 |  9.5
Dodging        | 1 2 3 4 |  4.1
Armour         | 4 5 6 7 |  7.2
Evocations     | 1 2 3 4 |  4.7
Throwing       | 1 |  1.7
Shields        | 4 |  4.1
Stealth        | 1 |  1.2

Action                   |  1- 3 |  4- 6 |  7- 9 || total
-------------------------+-------+-------+-------++-------
Melee: War axe           |    53 |   129 |   258 ||   440
       Broad axe         |       |       |     7 ||     7
Throw: Dart              |       |       |    35 ||    35
       Javelin           |       |       |     4 ||     4
       Boomerang         |       |       |     1 ||     1
Evoke: Wand              |       |     5 |       ||     5
  Use: Potion            |     1 |     7 |     7 ||    15
       Scroll            |       |     3 |    15 ||    18
 Stab: Distracted        |       |       |     2 ||     2
Armor: Scale mail        |    25 |     9 |       ||    34
       Plate armour      |       |    81 |   172 ||   253
Dodge: Dodged            |    26 |    34 |    89 ||   149
Block: Buckler           |     9 |    25 |    61 ||    95
